 Dungeon Crawl Stone Soup version 0.31-a0-986-g5e6e4ef867 (webtiles) character file.

Game seed: 8104293604535628959

1262 Lobster4 the Firebug (level 8, -1/67 HPs)
             Began as a Hill Orc Fire Elementalist on Nov 22, 2023.
             Slain by a kobold brigand
             ... wielding a +0 club
              (10 damage)
             ... in a sewer.
             The game lasted 00:17:02 (5887 turns).

Lobster4 the Firebug (Hill Orc Fire Elementalist)   Turns: 5887, Time: 00:17:02

Health: -1/67      AC:  3    Str: 11    XL:     8   Next: 52%
Magic:  1/13       EV: 11    Int: 17    God:
Gold:   195        SH:  4    Dex: 11    Spells: 10/13 levels left

rFire   . . .        q - +2 dagger (drain)
rCold   . . .        z - +0 buckler
rNeg    . . .        a - +0 robe
rPois   .            (no helmet)
rElec   .            H - +0 cloak
rCorr   .            (no gloves)
SInv    .            (no boots)
Will    .....        B - amulet of magic regeneration
Stlth   ++           t - +4 ring of slaying
HPRegen 0.31/turn    (no ring)
MPRegen 0.53/turn

%: no passive effects
@: hasted, very quick
A: no striking features
a: no special abilities


You were in a sewer.
You visited 1 branch of the dungeon, and saw 6 of its levels.
You also visited: Sewer.

You collected 195 gold pieces.

Inventory:

Hand Weapons
 f - a +0 dagger of holy wrath
 q - a +2 dagger of draining (weapon)
 y - a +0 sling
 C - a +0 hand axe
 D - a +0 mace of protection
 O - a +0 war axe
Missiles
 c - 6 boomerangs
 d - 58 stones
 u - 11 poisoned darts (quivered)
Armour
 a - a +0 robe (worn)
 h - a +0 ring mail
 j - a +0 leather armour
 z - a +0 buckler (worn)
 E - the +0 helmet of the Arena {Harm Rampage rElec Str+3}
   (You found it on level 4 of the Dungeon)

   Str+3:     It affects your strength (+3).
   rElec:     It insulates you from electricity.
   Harm:      It increases damage dealt and taken.
   Rampage:   It bestows one free step when moving towards enemies.
 H - a +0 cloak (worn)
Magical Staves
 A - a staff of cold
Jewellery
 g - an amulet of regeneration
 t - a +4 ring of slaying (left hand)
 B - an amulet of magic regeneration (around neck)
Wands
 I - a wand of mindburst (4)
 J - a wand of quicksilver (3)
 K - a wand of digging (7)
Scrolls
 n - 2 scrolls of immolation
 o - a scroll of blinking
 r - 3 scrolls of butterflies
 w - a scroll of poison
Potions
 b - 2 potions of magic
 e - a potion of haste
 k - 2 potions of might {unknown}
 l - a potion of resistance {unknown}
 v - 2 potions of curing {unknown}
 F - 2 potions of brilliance {unknown}
 L - a potion of mutation {unknown}
 M - a potion of degeneration {unknown}


   Skills:
 + Level 4.6 Fighting
 + Level 1.2 Axes
 - Level 3.0 Armour
 - Level 2.0 Dodging
 - Level 1.5 Stealth
 + Level 3.5 Shields
 + Level 3.3 Spellcasting
 + Level 4.0 Conjurations
 * Level 6.1 Fire Magic
 + Level 1.2 Evocations


You had 10 spell levels left.
You knew the following spells:

 Your Spells              Type           Power      Damage    Failure   Level
a - Foxfire               Conj/Fire      80%        2x1d8     3%          1
b - Scorch                Fire           46%        2d6       2%          2

Your spell library contained the following spells:

 Spells                   Type           Power      Damage    Failure   Level
 Inner Flame              Hex/Fire       13%        N/A       21%         3
 Volatile Blastmotes      Fire/Tloc      26%        2d12      21%         3
 Apportation              Tloc           4%         N/A       24%         1
 Necrotise                Necr           8%         1d4       24%         1
 Summon Small Mammal      Summ           8%         N/A       24%         1
 Flame Wave               Conj/Fire      20%        2d7       28%         4
 Sticky Flame             Conj/Fire      20%        2d4       28%         4
 Ignite Poison            Fire/Tmut/Pois 9%         N/A       30%         3
 Sublimation of Blood     Necr           2%         N/A       34%         2
 Wereblood                Tmut           2%         N/A       34%         2
 Frozen Ramparts          Ice            4%         1d1       56%         3
 Petrify                  Tmut/Erth      2%         N/A       93%         4
 Metabolic Englaciation   Hex/Ice        1%         N/A       100%        5
 Summon Hydra             Summ           1%         N/A       100%        7
 Ignition                 Fire           11%        3d5       100%        8


Dungeon Overview and Level Annotations

Branches:
Dungeon (6/15)              Sewer (1/1)
 Temple: D:4-7

Altars:
Dithmenos
Hepliaklqana
Xom

Shops:
D:1 [   D:4 *

Annotations:
D:3 2 transporters, 0gre's ghost, amateur GnIE


Message History

The kobold brigand hits you with a +0 dagger.
* * * LOW HITPOINT WARNING * * *
You feel much better. You block the kobold brigand's attack.
The kobold brigand barely misses you.
The kobold brigand hits you but does no damage.
You puncture the kobold brigand!
You kill the kobold brigand!
You block the kobold brigand's attack. x2
Your Axes skill increases to level 1!
Your Fire Magic skill increases to level 6!
Your Evocations skill increases to level 1!
Casting: Scorch (safe; 3% risk of failure)
Confirm with . or Enter, or press ? or * to list all spells.
Flames lash the kobold brigand.
The kobold brigand is burned terribly!
You kill the kobold brigand!
You block the kobold brigand's attack.
Your Conjurations skill increases to level 4!
Unknown command.
Casting: Scorch (safe; 2% risk of failure)
Confirm with . or Enter, or press ? or * to list all spells.
Flames lash the kobold brigand.
The kobold brigand is heavily wounded.
The kobold brigand's fire resistance burns away.
The kobold brigand hits you with a +0 club.
* * * LOW HITPOINT WARNING * * *
Unknown command.
Casting: Scorch (safe; 2% risk of failure)
Confirm with . or Enter, or press ? or * to list all spells.
Flames lash the kobold brigand.
The kobold brigand is burned terribly!
The kobold brigand is severely wounded.
The kobold brigand hits you with a +0 club.
* * * LOW HITPOINT WARNING * * *
Unknown command.
You hit the kobold brigand but do no damage.
The kobold brigand is severely wounded.
The kobold brigand hits you with a +0 club.
* * * LOW HITPOINT WARNING * * *
You feel yourself speed up.
The kobold brigand hits you with a +0 club!
You die...

#∩∩.#~≈~#
#...'~~~#
######~≈~#
#....#~≈~#
#..∩.#~≈~#
#[...#~≈~#
)..!#~≈~#
##)K##~~~#
#)@).#~≈~#
###...~#~≈~#
#....~~†~≈~#
##...~~~~≈~#
##...~~#~≈~#
#....~~#~~~#
#..P...#~≈~#
#......#~≈~~~
#......#~≈~~v~


You could see a kobold brigand (combustible).

Vanquished Creatures
  A black bear (D:5)
  An ogre (D:4)
  A phantom (D:5)
  2 kobold brigands (Sewer)
  2 scorpions
  A howler monkey (D:5)
  4 hounds
  3 orc priests
  2 iguanas
  Jessica (D:2)
  5 orc wizards
  14 adders
  4 gnolls (D:3)
  A white imp (D:5)
  A worm (D:2)
  19 orcs
  6 ball pythons
  5 bats
  7 endoplasms
  3 giant cockroaches
  9 goblins
  4 hobgoblins
  9 jackals
  9 quokkas
  3 frilled lizards
  6 kobolds
  13 rats
136 creatures vanquished.

Vanquished Creatures (collateral kills)
  2 foxfires (Sewer)
2 creatures vanquished.

Vanquished Creatures (others)
  348 foxfires
348 creatures vanquished.

Grand Total: 486 creatures vanquished

Notes
Turn   | Place    | Note
-------+----------+-------------------------------------------
     0 | D:1      | Lobster4 the Hill Orc Fire Elementalist began the quest for
                  | the Orb.
     0 | D:1      | Reached XP level 1. HP: 14/14 MP: 3/3
   265 | D:1      | Reached XP level 2. HP: 22/22 MP: 1/4
   316 | D:1      | Learned a level 2 spell: Scorch
   489 | D:1      | Found Unue's Antique Armour Emporium.
   707 | D:1      | Reached skill level 1 in Fighting
   707 | D:1      | Reached XP level 3. HP: 28/28 MP: 1/5
   782 | D:1      | Reached skill level 1 in Armour
  1442 | D:2      | Noticed Jessica
  1448 | D:2      | Killed Jessica
  1449 | D:2      | Reached XP level 4. HP: 35/35 MP: 1/7
  1750 | D:2      | Reached XP level 5. HP: 41/41 MP: 2/8
  2467 | D:3      | Found a shimmering altar of Xom.
  2505 | D:3      | Found a shadowy altar of Dithmenos.
  2622 | D:3      | Found a faded altar of an unknown god.
  2633 | D:3      | Reached skill level 4 in Fire Magic
  2752 | D:3      | Reached skill level 1 in Shields
  2752 | D:3      | Reached XP level 6. HP: 31/50 MP: 1/9
  2879 | D:3      | Found a transporter.
  2912 | D:3      | Identified the +7 trident "Nysangec" {elec, rCorr}
  2950 | D:3      | Found a transporter.
  2960 | D:3      | Noticed 0gre's ghost (amateur GnIE)
  3434 | D:4      | Reached XP level 7. HP: 46/57 MP: 4/10
  3479 | D:4      | Identified the +0 helmet of the Arena {Harm Rampage rElec
                  | Str+3}
  3487 | D:4      | Found a hazy altar of Hepliaklqana.
  3716 | D:4      | Found Ywisym's General Store.
  4548 | D:5      | Entered Level 5 of the Dungeon
  4660 | D:5      | Reached skill level 5 in Fire Magic
  4778 | D:5      | Reached XP level 8. HP: 66/66 MP: 7/12
  5773 | D:6      | Found a glowing drain.
  5826 | Sewer    | Entered a sewer
  5883 | Sewer    | Reached skill level 1 in Axes
  5883 | Sewer    | Reached skill level 6 in Fire Magic
  5883 | Sewer    | Reached skill level 1 in Evocations
  5887 | Sewer    | Slain by a kobold brigand

Illustrated notes

Levels and vault maps discovered:
D:1:      roderic_octagonal_star, layout_rooms, serial_shops, shop
D:2:      layout_basic, minmay_misc_feat_doors, chequers_serial_rivers_room_a,
          uniq_jessica
D:3:      layout_rooms, mainiacjoe_overflow_swirl, basic_ecumenical_altar,
          gammafunk_ghost_gnarly_gnolls, minmay_bisected
D:4:      layout_layer_cave, mainiacjoe_overflow_tiny_flanked, serial_shops,
          nicolae_shop_pleasant_corner_grove, minmay_checkerbox
D:5:      layout_loops_ring, minmay_misc_feat_four_crosses,
          nicolae_concentric_dashed_squares_wild, kennysheep_generic_room_6
D:6:      layout_loops_ring, gup_sewer_entry_glass, nrook_mini_backslash,
          uniq_edmund
Sewer:    kennysheep_pipe_town

Skill      XL: |  1  2  3  4  5  6  7  8 |
---------------+-------------------------+-----
Fighting       | 1 2 3 4 |  4.6
Armour         | 1 2 3 |  3.0
Dodging        | 2 |  2.0
Spellcasting   | 2 3 |  3.3
Conjurations   | 2 3 4 |  4.0
Fire Magic     | 4 5 6 |  6.1
Shields        | 1 3 |  3.5
Axes           | 1 |  1.2
Evocations     | 1 |  1.2
Stealth        | |  1.5

Action                     |  1- 3 |  4- 6 |  7- 9 || total
---------------------------+-------+-------+-------++-------
  Melee: Club              |    11 |     6 |       ||    17
         Dagger            |       |    22 |    12 ||    34
         Punch             |       |     1 |       ||     1
   Cast: Foxfire           |    59 |    90 |    85 ||   234
         Scorch            |     5 |    21 |    52 ||    78
    Use: Scroll            |       |     2 |    10 ||    12
         Potion            |       |       |     3 ||     3
   Stab: Sleeping          |       |     1 |       ||     1
 Armour: Robe              |    14 |    24 |    41 ||    79
  Dodge: Dodged            |    17 |    22 |    25 ||    64
  Block: Buckler           |       |       |    11 ||    11

Table legend: (Time is in decaauts)
 A = Elapsed time spent in this place.
 B = Non-inter-level travel time spent in this place.
 C = Inter-level travel time spent in this place.
 D = Time resting spent in this place.
 E = Time spent auto-exploring this place.
 F = Levels seen in this place.
 G = Mean time per level.
                   A        B        C        D        E       F      G
               +--------+--------+--------+--------+--------+-----+--------+
         Total |   5903 |   5723 |    180 |    995 |   3618 |   7 |  843.3 |
       Dungeon |   5832 |   5652 |    180 |    995 |   3591 |   6 |  972.0 |
         Sewer |     71 |     71 |      0 |      0 |     27 |   1 |   71.0 |
               +--------+--------+--------+--------+--------+-----+--------+

Top non-repeatable levels by time:
     D:2: 1264 daAuts
     D:4: 1218 daAuts
     D:1: 1174 daAuts
     D:5: 1070 daAuts
     D:3: 896 daAuts
     D:6: 208 daAuts
   Sewer: 71 daAuts
